 Dungeon Crawl Stone Soup version 0.24-a0-451-g263dff2034 (webtiles) character file.

Game seed: 1418110763920383678

21189 Peloso the Carver (level 12, -9/110 HPs)
             Began as a Minotaur Fighter on June 26, 2019.
             Was the Champion of Okawaru.
             Mangled by an enormous slime creature (18 damage)
             ... on level 12 of the Dungeon.
             The game lasted 00:30:55 (13131 turns).

Peloso the Carver (Minotaur Fighter)               Turns: 13131, Time: 00:30:56

Health: -9/110     AC: 20    Str: 24    XL:     12   Next: 52%
Magic:  12/12      EV:  8    Int:  5    God:    Okawaru [******]
Gold:   857        SH: 13    Dex: 12    Spells: 11/11 levels left

rFire    x . .     SeeInvis .   a - +3 long sword (slice)
rCold    + . .     Gourm    .   c - +0 shield
rNeg     . . .     Faith    .   q - +3 plate armour {rPois}
rPois    +         Spirit   .   (helmet restricted)
rElec    .         Reflect  .   (no cloak)
rCorr    +         Harm     .   (no gloves)
MR       .....                  u - +1 pair of boots {Stlth+}
Stlth    ..........             (no amulet)
HPRegen  0.28/turn              z - ring of resist corrosion
MPRegen  0.13/turn              h - ring of ice

@: studying Axes
A: retaliatory headbutt, horns 2
a: Heroism, Finesse, Renounce Religion


You were on level 12 of the Dungeon.
You worshipped Okawaru.
Okawaru was exalted by your worship.
You were not hungry.

You visited 1 branch of the dungeon, and saw 12 of its levels.
You also visited: Ice Cave.

You collected 857 gold pieces.

Inventory:

Hand Weapons
 a - a +3 long sword of slicing (weapon)
Missiles
 d - 8 boomerangs of dispersal
 E - 15 poisoned darts (quivered)
Armour
 b - a +0 scale mail
 c - a +0 shield (worn)
 q - a +3 plate armour of poison resistance (worn)
 u - a +1 pair of boots of stealth (worn)
Jewellery
 h - a ring of ice (right hand)
 m - an uncursed ring of protection from magic
 z - a ring of resist corrosion (left hand)
 C - an uncursed amulet of harm
Wands
 s - a wand of digging (13)
 w - a wand of acid (2)
 y - a wand of flame (42)
 G - a wand of polymorph (8)
Scrolls
 g - 6 scrolls of identify
 i - a scroll of magic mapping {unknown}
 j - a scroll of amnesia
 n - 3 scrolls of enchant weapon
 o - a scroll of teleportation
 r - 2 scrolls of fog
 v - 3 scrolls of remove curse
 H - a scroll of noise {unknown}
 K - a scroll of enchant armour
Potions
 e - 2 potions of magic
 k - 4 potions of curing
 l - a potion of heal wounds
 p - 6 potions of mutation
 t - 2 potions of invisibility {unknown}
 x - a potion of brilliance
 A - 2 potions of lignification {unknown}
 B - a potion of resistance {unknown}
 F - a potion of agility {unknown}
 J - a potion of might
Books
 D - a manual of Axes
Comestibles
 f - 26 rations
 I - 12 chunks of flesh


   Skills:
 + Level 11.0 Fighting
 + Level 14.4 Long Blades
 + Level 11.5 Armour
 + Level 3.0 Dodging
 + Level 1.6 Stealth
 + Level 12.5 Shields
 + Level 2.3 Invocations
 + Level 1.2 Evocations


You had 11 spell levels left.
You didn't know any spells.
Your spell library contained the following spells:

 Spells                   Type           Power        Failure   Level  Hunger
 Sting                    Conj/Pois      #...         100%        1    ##.....
 Poisonous Vapours        Pois/Air       #.....       100%        2    ###....
 Mephitic Cloud           Conj/Pois/Air  #.......     100%        3    ####...
 Olgreb's Toxic Radiance  Pois           #.......     100%        4    #####..
 Venom Bolt               Conj/Pois      #.........   100%        5    ######.


Dungeon Overview and Level Annotations

Branches:
Dungeon (12/15)            Temple (0/1) D:6            Lair (0/6) D:11
    Orc (0/2) D:12

Altars:
Ashenzari
Dithmenos
Elyvilon
Gozag
Kikubaaqudgha
Okawaru
Trog
Uskayaw
Vehumet
Wu Jian
Xom
Yredelemnul
Zin
The Shining One
Beogh

Shops:
D:4 *   D:12 ((

Annotations:
D:5 3 runed translucent doors, Veritas193's ghost, novice HuFi
D:6 3 runed translucent doors, PeterQ's ghost, novice GnAs
D:8 3 runed translucent doors, waddelsworth's ghost, novice MiFi


Innate Abilities, Weirdness & Mutations

You reflexively headbutt those who attack you in melee.
You have a pair of horns on your head.


Message History

The very large slime creature is moderately wounded.
You slice the very large slime creature!!
The very large slime creature is moderately wounded.
Two slime creatures merge to form an enormous slime creature.
You completely miss the enormous slime creature.
You headbutt the enormous slime creature!
The enormous slime creature is moderately wounded.
You hit the enormous slime creature.
You headbutt the enormous slime creature.
The enormous slime creature is moderately wounded.
You slash the enormous slime creature!
You headbutt the enormous slime creature!
The enormous slime creature is heavily wounded.
The enormous slime creature hits you!!!
* * * LOW HITPOINT WARNING * * *
You slash the enormous slime creature!
You headbutt the enormous slime creature.
The enormous slime creature is heavily wounded.
The enormous slime creature hits you!!
You die...

.........................#...#...
.........................#...#...
.........................#...'...
.(.....#########.........#...#...
.......#.... #.........#...'..!
.......#.... #.........#...#...
.......'... #.#####...#####...
.......#.. #.# #..........#
.......#.. #@# #..........#
.......# #J# #..........#
######.# ######.#####........<÷.
.............J.........).†.
.......#######.......###'#.
....... #.......#(..#. .......
#.......#...#. .......
#..^....#...#. .......
#.......#...#.


You could see an enormous slime creature.

Vanquished Creatures
  4 two-headed ogres
  2 unseen horrors
  3 skeletal warriors
  An orc knight (D:12)
  2 ugly things
  A manticore (D:11)
  An elephant (D:11)
  2 centaur zombies
  2 rime drakes (D:11)
  4 trolls
  4 slime creatures
  A hippogriff (D:10)
  A wraith (D:11)
  14 yaks
  2 wyverns
  Grum (D:10)
  A hungry ghost (D:9)
  2 steam dragons
  Menkaure (D:4)
  A hornet zombie (D:12)
  8 orc warriors
  4 black bears
  An eye of draining (D:11)
  7 ice beasts
  4 sky beasts
  2 phantoms (D:7)
  6 ogres
  2 wolves (D:10)
  22 centaurs
  2 crocodiles (D:11)
  A big kobold (D:9)
  6 bullfrogs
  Blork the orc (D:4)
  2 wyvern skeletons
  3 scorpions
  2 killer bees (D:8)
  3 wights (D:11)
  A howler monkey (D:12)
  2 electric eels
  A bullfrog zombie (D:12)
  4 hounds
  A quasit (D:6)
  3 crimson imps
  8 jellies
  3 bullfrog skeletons
  4 orc priests
  9 orc wizards
  3 centaur skeletons
  A gnoll shaman (D:5)
  4 iguanas
  Ijyb (D:3)
  9 worker ants
  A hound zombie (D:11)
  3 hound skeletons
  2 worker ant zombies
  Robin (D:4)
  A howler monkey skeleton (D:11)
  9 gnolls
  10 adders
  3 shadow imps
  7 oozes
  An adder zombie (D:8)
  An adder skeleton (D:6)
  A worm (D:4)
  3 dart slugs
  4 leopard geckos
  54 orcs
  6 giant cockroaches
  15 goblins
  9 hobgoblins
  4 jackals
  5 quokkas
  A ball python (D:5)
  9 bats
  5 frilled lizards
  15 kobolds
  3 leopard gecko skeletons
  9 rats
  2 plants (D:2)
364 creatures vanquished.

Vanquished Creatures (others)
  2 orc wizards
  2 fungi (D:11)
  2 plants (D:11)
6 creatures vanquished.

Grand Total: 370 creatures vanquished

Notes
Turn   | Place    | Note
-------+----------+-------------------------------------------
     0 | D:1      | Peloso the Minotaur Fighter began the quest for the Orb.
     0 | D:1      | Reached XP level 1. HP: 19/19 MP: 0/0
   106 | D:1      | Reached XP level 2. HP: 27/27 MP: 1/1
   772 | D:2      | Reached XP level 3. HP: 31/33 MP: 2/2
   811 | D:2      | Found a shadowy altar of Dithmenos.
   895 | D:2      | Reached skill level 1 in Dodging
  1053 | D:2      | Reached skill level 3 in Long Blades
  1205 | D:2      | Reached XP level 4. HP: 31/41 MP: 3/3
  1858 | D:3      | Found a white marble altar of Elyvilon.
  2055 | D:3      | Reached XP level 5. HP: 47/47 MP: 4/4
  2143 | D:3      | Found an ancient bone altar of Kikubaaqudgha.
  2208 | D:3      | Noticed Ijyb
  2216 | D:3      | Killed Ijyb
  2247 | D:3      | Found an opulent altar of Gozag.
  2646 | D:4      | Found Gunosyu's Assorted Antiques.
  2931 | D:4      | Found an iron altar of Okawaru.
  2943 | D:4      | Reached skill level 5 in Armour
  2943 | D:4      | Reached XP level 6. HP: 55/55 MP: 5/5
  2947 | D:4      | Became a worshipper of Warmaster Okawaru
  2970 | D:4      | Reached skill level 5 in Shields
  3022 | D:4      | Noticed Robin
  3033 | D:4      | Killed Robin
  3033 | D:4      | Reached skill level 4 in Long Blades
  3140 | D:4      | Noticed Menkaure
  3152 | D:4      | Reached skill level 5 in Fighting
  3160 | D:4      | Killed Menkaure
  3160 | D:4      | Reached * piety under Okawaru
  3160 | D:4      | Reached skill level 5 in Long Blades
  3421 | D:4      | Noticed Blork the orc
  3433 | D:4      | Killed Blork the orc
  3433 | D:4      | Reached XP level 7. HP: 49/61 MP: 6/6
  3672 | D:5      | Entered Level 5 of the Dungeon
  3744 | D:5      | Found a runed translucent gate.
  3744 | D:5      | Found a runed translucent gate.
  3744 | D:5      | Noticed Veritas193's ghost (novice HuFi)
  3745 | D:5      | Found a runed translucent gate.
  3811 | D:5      | Found a shimmering altar of Xom.
  3955 | D:5      | Found a glowing silver altar of Zin.
  3956 | D:5      | Found a glowing golden altar of the Shining One.
  3969 | D:5      | Reached skill level 6 in Long Blades
  3982 | D:5      | Reached ** piety under Okawaru
  3992 | D:5      | Found a shattered altar of Ashenzari.
  3995 | D:5      | Found an ornate altar of the Wu Jian Council.
  4267 | D:6      | Reached XP level 8. HP: 59/69 MP: 7/7
  4277 | D:6      | Reached skill level 7 in Long Blades
  4415 | D:6      | Found a staircase to the Ecumenical Temple.
  4417 | D:6      | Found a radiant altar of Vehumet.
  4691 | D:6      | Found a runed translucent gate.
  4692 | D:6      | Found a runed translucent gate.
  4692 | D:6      | Identified the +2 great mace of Ejah {drain, Stlth+}
  4692 | D:6      | Identified the +0 chain mail "Jehush" {rF+ rC+ Dex-4}
  4692 | D:6      | Noticed PeterQ's ghost (novice GnAs)
  4693 | D:6      | Found a runed translucent gate.
  4700 | D:6      | Found a roughly hewn altar of Beogh.
  4780 | D:6      | Reached *** piety under Okawaru
  4780 | D:6      | Reached skill level 8 in Long Blades
  4945 | D:7      | Reached skill level 1 in Evocations
  5262 | D:7      | Reached skill level 9 in Long Blades
  5262 | D:7      | Reached XP level 9. HP: 77/77 MP: 8/8
  5388 | D:7      | Found a hide-covered altar of Uskayaw.
  6378 | D:8      | Found a basalt altar of Yredelemnul.
  6408 | D:8      | Found a bloodstained altar of Trog.
  6418 | D:8      | Reached skill level 10 in Long Blades
  6438 | D:8      | Noticed waddelsworth's ghost (novice MiFi)
  6566 | D:8      | Found a runed translucent gate.
  6567 | D:8      | Found a runed translucent gate.
  6567 | D:8      | Found a runed translucent gate.
  6575 | D:8      | Noticed a two-headed ogre
  6585 | D:8      | Killed a two-headed ogre
  6585 | D:8      | Reached **** piety under Okawaru
  6843 | D:8      | Found a white marble altar of Elyvilon.
  7023 | D:8      | Noticed a two-headed ogre
  7042 | D:8      | Killed a two-headed ogre
  7042 | D:8      | Reached ***** piety under Okawaru
  7042 | D:8      | Reached skill level 11 in Long Blades
  7042 | D:8      | Reached XP level 10. HP: 42/88 MP: 7/9
  7494 | D:8      | Reached skill level 1 in Invocations
  7670 | D:9      | Reached skill level 1 in Stealth
  8718 | D:9      | Reached skill level 12 in Long Blades
  9028 | D:10     | Entered Level 10 of the Dungeon
  9275 | D:10     | Killed an unseen horror
  9275 | D:10     | Received a gift from Okawaru
  9275 | D:10     | Reached skill level 10 in Shields
  9885 | D:10     | Noticed Grum
  9914 | D:10     | Reached XP level 11. HP: 65/95 MP: 10/10
  9935 | D:10     | Killed Grum
 10391 | D:11     | Reached skill level 10 in Armour
 10578 | D:11     | Reached skill level 13 in Long Blades
 10603 | D:11     | Found a frozen archway.
 10788 | IceCv    | Entered an ice cave
 10788 | IceCv    | Noticed a white ugly thing
 10805 | IceCv    | Killed a white ugly thing
 10825 | IceCv    | Found a transporter.
 10936 | IceCv    | Noticed a white ugly thing
 10949 | D:11     | Killed a white ugly thing
 11101 | D:11     | Reached skill level 10 in Fighting
 11125 | D:11     | You fall into a shaft and drop 1 floor!
 11146 | D:12     | Reached ****** piety under Okawaru
 11217 | D:12     | Received a gift from Okawaru
 11758 | D:11     | Reached XP level 12. HP: 106/106 MP: 12/12
 11825 | D:11     | Found a staircase to the Lair.
 12047 | D:12     | Noticed a two-headed ogre
 12054 | D:12     | Killed a two-headed ogre
 12054 | D:12     | Reached skill level 14 in Long Blades
 12325 | D:12     | Noticed a two-headed ogre
 12343 | D:12     | Killed a two-headed ogre
 13024 | D:12     | Received a gift from Okawaru
 13085 | D:12     | Found a staircase to the Orcish Mines.
 13085 | D:12     | Found Gevaz's Weapon Shop.
 13087 | D:12     | Found Komeh's Antique Weapon Emporium.
 13131 | D:12     | Mangled by an enormous slime creature

Levels and vault maps discovered:
D:1:      onia_arrival_larder, layout_loops_cross, minmay_misc_feat_tiny
D:2:      wad_woods_settlement, layout_basic, grunt_dithmenos_smoke_and_mirrors
D:3:      layout_loops_ring, kiku_gazebo_garden_becter, lemuel_doored_altar,
          first_ration, serial_forest, infiniplex_forest_straight_5,
          infiniplex_forest_lined_room_, infiniplex_forest_clump_long,
          infiniplex_forest_clump_tiny, elyvilon_altar_5, uniq_ijyb
D:4:      layout_rooms, okawaru_trees_2, serial_shops, shop, uniq_robin,
          uniq_menkaure, uniq_blork_the_orc
D:5:      layout_basic, overflow_temple_1_default, grunt_temple_overflow_open,
          overflow_temple_1_default, gammafunk_ghost_split
D:6:      layout_loops_cross, minmay_temple_entry_statues_fountains,
          biasface_ghost_orc_armoury, minivault_4, vehumet_altar_wand_db
D:7:      layout_basic, eat_drink_and_be_merry_uskayaw, amethyst_killhole,
          kennysheep_generic_room_10
D:8:      kennysheep_ambush_hall, layout_basic, kennysheep_ying_yang,
          trog_ov_bears_minmay, gammafunk_ghost_split, minmay_manual_mares
D:9:      layout_basic, hangedman_little_slice_of_home, moated_statue,
          kennysheep_dice
D:10:     layout_loops_cross, uniq_grum
D:11:     layout_roguey, david_lair_generic, portal_ice_cave_rime
D:12:     layout_irregular_city, orc_david_3, serial_shops, shop,
          ashenzari_altar_1

Skill      XL: |  1  2  3  4  5  6  7  8  9 10 11 12 |
---------------+-------------------------------------+-----
Armour         | 4 5 6 7 8 9 10 11 | 11.5
Shields        | 4 5 6 7 8 10 12 | 12.5
Dodging        | 1 2 3 |  3.0
Fighting       | 4 5 6 7 8 10 11 | 11.0
Long Blades    | 3 5 6 9 11 12 13 14 | 14.4
Evocations     | 1 |  1.2
Invocations    | 1 2 |  2.3
Stealth        | 1 |  1.6

Action                   |  1- 3 |  4- 6 |  7- 9 | 10-12 || total
-------------------------+-------+-------+-------+-------++-------
Melee: Long sword        |    89 |   190 |   369 |   798 ||  1446
       Headbutt          |    17 |    50 |    80 |   228 ||   375
Invok: Heroism           |       |       |     3 |    13 ||    16
Evoke: Wand              |       |       |     7 |     6 ||    13
  Use: Scroll            |       |     5 |     3 |    10 ||    18
       Potion            |       |     1 |       |     2 ||     3
  Eat: Chunk             |     1 |     7 |    12 |    17 ||    37
       Ration            |       |       |       |     1 ||     1
Armor: Scale mail        |    33 |       |       |       ||    33
       Plate armour      |    11 |    88 |   147 |   320 ||   566
Dodge: Dodged            |    28 |    27 |    75 |   165 ||   295
Block: Shield            |    53 |    93 |   164 |   439 ||   749
       Rpst.: Long sword |     7 |     6 |    23 |    40 ||    76

Table legend:
 A = Non-vault XP
 B = Vault XP
 C = Vault XP percentage of total XP
 D = Non-vault monster count
 E = Vault monster count
 F = Vault count percentage of total count
                 A         B        C        D         E       F
            +---------+---------+-------+---------+---------+-------
      Total |   23267 |    7004 |  23.1 |     301 |      63 |  17.3
            +---------+---------+-------+---------+---------+-------
        D:1 |      32 |       5 |  13.5 |      15 |       4 |  21.1
        D:2 |      44 |      64 |  59.3 |      20 |       7 |  25.9
        D:3 |      92 |      36 |  28.1 |      34 |       1 |   2.9
        D:4 |     303 |     281 |  48.1 |       7 |       9 |  56.2
        D:5 |     452 |       0 |   0.0 |      23 |       0 |   0.0
        D:6 |     830 |       2 |   0.2 |      18 |       1 |   5.3
        D:7 |     924 |     121 |  11.6 |      17 |       1 |   5.6
        D:8 |    2047 |    1706 |  45.5 |      33 |      11 |  25.0
        D:9 |    1643 |     209 |  11.3 |      31 |       9 |  22.5
       D:10 |    3017 |     426 |  12.4 |      19 |       3 |  13.6
       D:11 |    6861 |    2033 |  22.9 |      46 |       6 |  11.5
       D:12 |    7022 |     742 |   9.6 |      38 |       4 |   9.5
      IceCv |       0 |    1379 | 100.0 |       0 |       7 | 100.0
            +---------+---------+-------+---------+---------+-------
